 Dungeon Crawl Stone Soup version 0.26.1-11-gd32895ea62 (webtiles) character file.

Game seed: 9619057210696626640

160589 KamiKatze the Blocker (level 17, -7/136 HPs)
             Began as a Gnoll Fighter on May 10, 2021.
             Was the Champion of Okawaru.
             Killed by the raging water
             ... invoked by a water nymph
              (20 damage)
             ... on level 3 of the Shoals on May 12, 2021.
             The game lasted 02:20:43 (29983 turns).

KamiKatze the Blocker (Gnoll Fighter)              Turns: 29983, Time: 02:20:44

Health: -7/136     AC: 27    Str: 30    XL:     17   Next: 76%
Magic:  41/41      EV: 15    Int: 14    God:    Okawaru [******]
Gold:   2720       SH: 15    Dex: 15    Spells: 32/39 levels left

rFire    + + .     SeeInvis .   w - +10 morningstar "Eos" {elec, Halo rElec}
rCold    . . .     Faith    .   c - +1 kite shield
rNeg     . . .     Spirit   .   E - +2 plate armour {rF+}
rPois    .         Reflect  .   u - +2 hat
rElec    +         Harm     .   p - +2 cloak {Stlth+}
rCorr    .         Rampage  .   N - +0 pair of gloves
Will     ++...                  X - +1 pair of boots of Robizugo {rF+ Regen+ Int+2}
Stlth    ..........             A - amulet of regeneration
HPRegen  1.12/turn              V - ring of the Fool {Will+ MP+9 Stlth-}
MPRegen  0.27/turn              x - +6 ring of strength

@: glowing, very slow
A: distributed training, fangs 1, strong nose
a: Renounce Religion, Heroism, Finesse


You were on level 3 of the Shoals.
You worshipped Okawaru.
Okawaru was exalted by your worship.
You visited 6 branches of the dungeon, and saw 28 of its levels.

You collected 2923 gold pieces.
You spent 203 gold pieces at shops.

Inventory:

Hand Weapons
 a - a +2 vorpal flail
 b - the +10 broad axe of Vupy {vorpal, rPois SInv}
   (You found it on level 14 of the Dungeon)

   It inflicts extra damage upon your enemies.
   It protects you from poison.
   It lets you see invisible.
 w - the +10 morningstar "Eos" (weapon) {elec, Halo rElec}
   (You found it on level 3 of the Dungeon)

   Occasionally, upon striking a foe, it can discharge electrical energy and
   cause terrible harm.
   It insulates you from electricity.
Missiles
 g - 96 poisoned darts (quivered)
 s - 9 throwing nets
Armour
 c - a +1 kite shield (worn)
 p - a +2 cloak of stealth (worn)
 u - a +2 hat (worn)
 E - a +2 plate armour of fire resistance (worn)
 N - a +0 pair of gloves (worn)
 X - the +1 pair of boots of Robizugo (worn) {rF+ Regen+ Int+2}
   (Okawaru gifted it to you on level 13 of the Dungeon)

   It affects your intelligence (+2).
   It protects you from fire.
   It increases your rate of regeneration.
Jewellery
 x - a +6 ring of strength (right hand)
 A - an amulet of regeneration (around neck)
 J - an uncursed ring of willpower
 L - an uncursed ring of ice
 V - the ring of the Fool (left hand) {Will+ MP+9 Stlth-}
   (You found it on level 6 of the Lair of Beasts)

   [ring of attention]

   It affects your willpower, your defense against some magical effects.
   It affects your magic capacity (+9).
   It makes you less stealthy.
Wands
 t - a wand of polymorph (7)
 y - a wand of paralysis (38)
 B - a wand of digging (18)
 F - a wand of flame (74)
 H - a wand of iceblast (29)
 Q - a wand of enslavement (4)
 R - a wand of acid (13)
 Z - a wand of disintegration (16)
Scrolls
 f - a scroll of amnesia
 h - 11 scrolls of remove curse
 i - 11 scrolls of teleportation
 k - 4 scrolls of magic mapping
 o - 2 scrolls of enchant weapon
 q - 4 scrolls of fog
 D - 5 scrolls of fear
 O - 3 scrolls of blinking
 P - 7 scrolls of identify
Potions
 d - 6 potions of might
 j - 2 potions of brilliance
 l - 7 potions of curing
 m - 6 potions of heal wounds
 n - 3 potions of flight
 v - a potion of berserk rage
 z - 4 potions of cancellation
 G - 3 potions of magic
 K - 4 potions of resistance
 M - 4 potions of attraction
 T - 5 potions of haste
 U - 3 potions of lignification
 Y - 2 potions of ambrosia
Miscellaneous
 e - a tin of tremorstones (2/2)
 S - a condenser vane
 W - a phial of floods


   Skills:
 + Level 13.1 Fighting
 + Level 11.7 Short Blades
 + Level 11.7 Long Blades
 + Level 11.7 Axes
 + Level 12.4 Maces & Flails
 + Level 11.7 Polearms
 + Level 11.7 Staves
 + Level 11.7 Slings
 + Level 11.7 Bows
 + Level 11.7 Crossbows
 + Level 11.7 Throwing
 + Level 13.1 Armour
 + Level 11.7 Dodging
 + Level 11.7 Stealth
 + Level 13.1 Shields
 + Level 11.7 Unarmed Combat
 + Level 11.7 Spellcasting
 + Level 10.0 Conjurations
 + Level 10.0 Hexes
 + Level 10.0 Summonings
 + Level 10.0 Necromancy
 + Level 10.0 Translocations
 + Level 10.0 Transmutations
 + Level 10.0 Fire Magic
 + Level 10.0 Ice Magic
 + Level 10.0 Air Magic
 + Level 10.0 Earth Magic
 + Level 10.0 Poison Magic
 + Level 12.6 Invocations
 + Level 11.7 Evocations


You had 32 spell levels left.
You knew the following spells:

 Your Spells              Type           Power        Failure   Level
b - Tukima's Dance        Hex            36%          3%          3
c - Vampiric Draining     Necr           18%          3%          3
x - Apportation           Tloc           72%          1%          1

Your spell library contained the following spells:

 Spells                   Type           Power        Failure   Level
 Animate Skeleton         Necr           72%          1%          1
 Pain                     Necr           100%         1%          1
 Summon Small Mammal      Summ           100%         1%          1
 Call Imp                 Summ           36%          1%          2
 Call Canine Familiar     Summ           36%          3%          3
 Confusing Touch          Hex            36%          3%          3
 Gell's Gravitas          Tloc           18%          3%          3
 Lesser Beckoning         Tloc           18%          3%          3
 Summon Guardian Golem    Hex/Summ       36%          3%          3
 Animate Dead             Necr           18%          11%         4
 Cause Fear               Hex            18%          11%         4
 Petrify                  Tmut/Erth      36%          11%         4
 Summon Ice Beast         Ice/Summ       36%          11%         4
 Summon Lightning Spire   Summ/Air       36%          11%         4
 Agony                    Necr           36%          30%         5
 Alistair's Intoxication  Tmut/Pois      24%          30%         5
 Metabolic Englaciation   Hex/Ice        18%          30%         5
 Silence                  Hex/Air        18%          30%         5
 Yara's Violent Unravell  Hex/Tmut       18%          30%         5
 Invisibility             Hex            36%          86%         6
 Discord                  Hex            18%          100%        8


Dungeon Overview and Level Annotations

Branches:
Dungeon (15/15)            Temple (1/1) D:4            Lair (6/6) D:9
 Shoals (3/4) Lair:3       Spider (1/4) Lair:4        Slime (0/5) Lair:6
    Orc (2/2) D:12            Elf (0/3) Orc:2        Vaults (0/5) D:13
 Depths (0/5) D:15

Altars:
Ashenzari
Cheibriados
Dithmenos
Elyvilon
Fedhas
Gozag
Hepliaklqana
Kikubaaqudgha
Makhleb
Nemelex Xobeh
Okawaru
Qazlal
Ru
Sif Muna
Trog
Uskayaw
Vehumet
Wu Jian
Xom
Yredelemnul
Zin
The Shining One
Beogh
Jiyva

Shops:
D:9 !   Orc:1 [(}}   Orc:2 *[*!   Shoals:1 (   Shoals:2 *

Annotations:
D:8 2 transporters, destino's ghost, novice DgFi
Shoals:1 2 transporters, exclusion: orange crystal statue
Orc:1 3 runed translucent doors, exclusion: 3 doors, Almogavar's ghost, journeyman MfBe


Innate Abilities, Weirdness & Mutations

Your experience applies equally to all skills.
You have very sharp teeth.
Your uncanny sense of smell can sniff out nearby items.


Message History

You block the harpy's attack. x2
Splash!
You fall into the shallow water.
Moving in this stuff is going to be slow.
The water elemental hits you!
* * * LOW HITPOINT WARNING * * *
The water elemental engulfs you in water!
You slip free of the water engulfing you.
You gasp with relief as air once again reaches your lungs.
The water nymph flows with the water.
Splash!
You fall into the shallow water.
Moving in this stuff is going to be slow.
Okay, then.
You block the harpy's attack. The harpy barely misses you.
The water nymph touches you. The water nymph drowns you!
* * * LOW HITPOINT WARNING * * *
The water nymph gestures at you while chanting.
The water swirls and strikes you!!
You die...

≈≈≈≈≈≈≈≈≈≈≈≈
≈≈≈≈≈≈≈≈≈≈≈≈≈ ≈≈≈
≈≈≈≈≈≈≈≈≈≈.≈.≈≈≈≈≈
≈≈≈≈≈≈≈≈≈.. ..≈≈≈≈≈
≈≈≈≈≈≈≈...# ..≈≈≈≈≈
≈........##..≈≈≈≈≈
≈............≈≈≈≈≈
#..<.....≈..≈≈
##.≈@≈≈..≈≈≈≈≈
###.≈mHm≈..≈≈≈≈
##..≈≈E≈E≈.≈..≈≈
#..≈≈≈≈.≈.≈≈≈.≈≈
##≈≈≈m≈≈..≈..≈≈≈ ##
#.m≈≈#≈≈..≈≈≈≈≈
#..#####.≈≈.......≈≈≈≈
.....≈..#≈≈..≈≈≈≈≈≈≈≈≈
<.#.....##≈).≈≈≈≈≈≈≈≈≈


You could see a merfolk avatar, a merfolk, 2 water elementals, 2 water nymphs
and a harpy.

Vanquished Creatures
  Saint Roka (Orc:1)
  Nikola (Shoals:1)
  Jorgrun (Orc:1)
  Gastronok (Lair:1)
  A kraken (Shoals:1)
  Nessos (Orc:1)
  A dire elephant (D:15)
  Azrael (D:14)
  A merfolk javelineer (Shoals:2)
  2 merfolk impalers (Shoals:2)
  Erolcha (Orc:2)
  Harold (D:9)
  A catoblepas (Lair:3)
  3 boulder beetles
  14 hydras
  9 merfolk aquamancers
  7 centaur warriors
  7 two-headed ogres
  2 dancing weapons (D:13)
  A death knight (D:14)
  A death yak (Lair:3)
  A satyr (Shoals:2)
  4 tengu warriors (D:14)
  3 orc high priests (Orc:2)
  3 skeletal warriors (D:13)
  A fire crab (shapeshifter) (D:15)
  3 sea snakes
  2 unseen horrors (D:11)
  4 orc knights (Orc:2)
  Pikel (D:9)
  14 harpies
  An oklob plant (Lair:6)
  A wolf spider zombie (D:13)
  2 ugly things
  8 wolf spiders
  2 deep elf magi (D:14)
  13 slime creatures
  5 cyclopes
  3 orb spiders (Spider:1)
  17 fauns
  4 orc sorcerers
  4 merfolk sirens
  5 manticores
  20 elephants
  A torpor snail (Lair:4)
  A gargoyle (D:13)
  2 black mambas
  11 cane toads
  3 freezing wraiths
  11 komodo dragons
  A rime drake (Lair:3)
  18 merfolk
  5 polar bears
  4 trolls
  3 meliai (D:15)
  7 jumping spiders (Lair:4)
  6 hornets
  A harpy skeleton (D:15)
  2 wind drakes
  2 meliai zombies
  9 blink frogs (Lair:4)
  10 snapping turtles
  9 dream sheep (Lair:6)
  Sigmund (D:5)
  11 spriggans (Lair:6)
  3 redbacks (Lair:4)
  2 vampires
  2 tarantellas
  2 wraiths (D:14)
  7 water elementals
  A fire elemental (D:14)
  101 yaks
  A shadow (D:14)
  6 wyverns
  5 basilisks
  8 vampire mosquitoes
  A soldier ant (D:11)
  18 water moccasins
  4 hell hounds (D:14)
  An eye of draining (D:14)
  4 ice beasts
  25 orc warriors
  2 sky beasts
  7 black bears
  6 phantoms
  A necrophage (D:14)
  12 ogres
  26 wolves
  4 boggarts (Lair:6)
  18 centaurs
  4 lemures
  A big kobold (D:14)
  26 bullfrogs
  2 gnoll sergeants
  A wyvern zombie (D:13)
  2 wyvern skeletons
  5 scorpions
  8 killer bees
  11 electric eels
  4 howler monkeys
  A vampire bat (D:2)
  12 wights
  A bullfrog zombie (D:11)
  7 centaur zombies
  19 orc priests
  9 hounds
  3 jellies
  28 orc wizards
  Crazy Yiuf (D:5)
  A bullfrog skeleton (D:13)
  4 centaur skeletons
  15 worker ants
  Ijyb (D:5)
  4 iguanas
  7 hell rats (Lair:2)
  A hound zombie (D:8)
  3 hound skeletons
  2 worker ant zombies
  19 gnolls
  14 adders
  A howler monkey skeleton (D:5)
  5 white imps
  3 ufetubi
  An ooze (D:2)
  2 adder skeletons
  3 adder zombies
  A worm (D:3)
  6 dart slugs
  2 leopard geckos
  81 orcs
  5 ball pythons
  4 bats
  A bat skeleton (D:2)
  4 bat zombies (D:2)
  3 giant cockroaches
  7 goblins
  4 hobgoblins
  14 jackals
  5 quokkas
  7 frilled lizards
  A jackal skeleton (D:5)
  10 kobolds
  2 quokka skeletons (D:4)
  3 quokka zombies
  9 rats
  A spectral orc (D:8)
  2 tentacles (Shoals:1)
967 creatures vanquished.

Vanquished Creatures (others)
  An orc priest (Orc:2)
  2 orcs (Orc:2)
  48 fungi
  83 plants
  22 tentacles (Shoals:1)
156 creatures vanquished.

Grand Total: 1123 creatures vanquished

Notes
Turn   | Place    | Note
-------+----------+-------------------------------------------
     0 | D:1      | KamiKatze the Gnoll Fighter began the quest for the Orb.
     0 | D:1      | Reached XP level 1. HP: 23/23 MP: 1/1
   125 | D:1      | Reached XP level 2. HP: 25/29 MP: 2/2
   164 | D:1      | Found a broken altar of Ashenzari.
   361 | D:1      | Reached XP level 3. HP: 35/35 MP: 3/3
   797 | D:2      | Found a bloodstained altar of Trog.
   969 | D:2      | Reached skill level 1 in Invocations
  1274 | D:2      | Found an ancient bone altar of Kikubaaqudgha.
  1279 | D:2      | Reached skill level 1 in Short Blades
  1279 | D:2      | Reached skill level 1 in Long Blades
  1279 | D:2      | Reached skill level 1 in Axes
  1279 | D:2      | Reached skill level 1 in Polearms
  1279 | D:2      | Reached skill level 1 in Staves
  1279 | D:2      | Reached skill level 1 in Slings
  1279 | D:2      | Reached skill level 1 in Bows
  1279 | D:2      | Reached skill level 1 in Crossbows
  1279 | D:2      | Reached skill level 1 in Throwing
  1279 | D:2      | Reached skill level 1 in Dodging
  1279 | D:2      | Reached skill level 1 in Stealth
  1279 | D:2      | Reached skill level 1 in Unarmed Combat
  1279 | D:2      | Reached skill level 1 in Spellcasting
  1279 | D:2      | Reached skill level 1 in Evocations
  1279 | D:2      | Reached XP level 4. HP: 41/41 MP: 5/5
  1531 | D:3      | Reached skill level 1 in Conjurations
  1531 | D:3      | Reached skill level 1 in Hexes
  1531 | D:3      | Reached skill level 1 in Summonings
  1531 | D:3      | Reached skill level 1 in Necromancy
  1531 | D:3      | Reached skill level 1 in Translocations
  1531 | D:3      | Reached skill level 1 in Transmutations
  1531 | D:3      | Reached skill level 1 in Fire Magic
  1531 | D:3      | Reached skill level 1 in Ice Magic
  1531 | D:3      | Reached skill level 1 in Air Magic
  1531 | D:3      | Reached skill level 1 in Earth Magic
  1531 | D:3      | Reached skill level 1 in Poison Magic
  1579 | D:3      | Found a transporter.
  1766 | D:3      | You fall into a shaft and drop 1 floor!
  1780 | D:4      | Reached XP level 5. HP: 47/47 MP: 6/6
  1798 | D:4      | Noticed an ogre
  1851 | D:3      | Found a transporter.
  1860 | D:3      | Found a sacrificial altar of Ru.
  1861 | D:3      | Found the +10 morningstar "Eos" {elec, Halo rElec}
  2810 | D:4      | Killed an ogre
  2811 | D:4      | Reached XP level 6. HP: 34/53 MP: 8/8
  2917 | D:4      | Reached skill level 5 in Maces & Flails
  3081 | D:4      | Found a staircase to the Ecumenical Temple.
  3090 | Temple   | Entered the Ecumenical Temple
  3314 | D:4      | Noticed a phantom
  3323 | D:4      | Killed a phantom
  3375 | D:5      | Entered Level 5 of the Dungeon
  3386 | D:5      | Reached XP level 7. HP: 59/59 MP: 10/10
  3418 | D:5      | Noticed Ijyb
  3479 | D:5      | Killed Ijyb
  3829 | D:5      | Reached XP level 8. HP: 30/67 MP: 12/12
  3945 | D:5      | Noticed Sigmund
  3949 | D:5      | Killed Sigmund
  4191 | D:5      | Found a runed translucent door.
  4192 | D:5      | Noticed Crazy Yiuf
  4199 | D:5      | Killed Crazy Yiuf
  4602 | D:5      | Reached XP level 9. HP: 68/73 MP: 14/14
  4831 | D:6      | Found a hazy altar of Hepliaklqana.
  5051 | D:6      | Got a bone broad axe
  5052 | D:6      | Identified the +9 broad axe of Honour {vorpal, rElec rF+}
                  | (You found it on level 6 of the Dungeon)
  5660 | D:7      | Reached skill level 5 in Invocations
  5875 | D:7      | Found an ornate altar of the Wu Jian Council.
  5939 | D:7      | Reached XP level 10. HP: 71/80 MP: 17/17
  6123 | D:7      | Found a shimmering blue altar of Sif Muna.
  6392 | D:7      | Reached skill level 5 in Short Blades
  6392 | D:7      | Reached skill level 5 in Long Blades
  6392 | D:7      | Reached skill level 5 in Axes
  6392 | D:7      | Reached skill level 5 in Polearms
  6392 | D:7      | Reached skill level 5 in Staves
  6392 | D:7      | Reached skill level 5 in Slings
  6392 | D:7      | Reached skill level 5 in Bows
  6392 | D:7      | Reached skill level 5 in Crossbows
  6392 | D:7      | Reached skill level 5 in Throwing
  6392 | D:7      | Reached skill level 5 in Dodging
  6392 | D:7      | Reached skill level 5 in Stealth
  6392 | D:7      | Reached skill level 5 in Unarmed Combat
  6392 | D:7      | Reached skill level 5 in Spellcasting
  6392 | D:7      | Reached skill level 5 in Evocations
  6513 | D:8      | Found a basalt altar of Yredelemnul.
  6537 | D:8      | Found a transporter.
  6769 | D:8      | Found a transporter.
  6819 | D:8      | Found an iron altar of Okawaru.
  6825 | D:8      | Became a worshipper of Warmaster Okawaru
  6979 | D:8      | Noticed destino's ghost (novice DgFi)
  7142 | D:9      | Found a hide-covered altar of Uskayaw.
  7160 | D:9      | Noticed a -3 dagger
  7160 | D:9      | Noticed a +0 hand axe
  7168 | D:9      | Noticed Harold
  7186 | D:9      | Killed Harold
  7186 | D:9      | Reached * piety under Okawaru
  7415 | D:9      | Noticed Pikel
  7462 | D:9      | Killed Pikel
  7463 | D:9      | Reached XP level 11. HP: 82/87 MP: 19/19
  7554 | D:9      | Found a staircase to the Lair.
  7598 | D:9      | Reached skill level 5 in Conjurations
  7598 | D:9      | Reached skill level 5 in Hexes
  7598 | D:9      | Reached skill level 5 in Summonings
  7598 | D:9      | Reached skill level 5 in Necromancy
  7598 | D:9      | Reached skill level 5 in Translocations
  7598 | D:9      | Reached skill level 5 in Transmutations
  7598 | D:9      | Reached skill level 5 in Fire Magic
  7598 | D:9      | Reached skill level 5 in Ice Magic
  7598 | D:9      | Reached skill level 5 in Air Magic
  7598 | D:9      | Reached skill level 5 in Earth Magic
  7598 | D:9      | Reached skill level 5 in Poison Magic
  7645 | D:9      | Reached ** piety under Okawaru
  7994 | D:9      | Found Betsoere's Distillery.
  8006 | D:9      | Bought a potion of degeneration for 14 gold pieces
  8192 | D:10     | Entered Level 10 of the Dungeon
  8215 | D:10     | Noticed a brown ugly thing
  8221 | D:10     | Killed a brown ugly thing
  8548 | D:10     | Reached *** piety under Okawaru
  8555 | D:10     | Found a shimmering blue altar of Sif Muna.
  8564 | D:10     | Noticed a two-headed ogre
  8576 | D:10     | Killed a two-headed ogre
  8677 | D:10     | Noticed a two-headed ogre
  8684 | D:10     | Killed a two-headed ogre
  8684 | D:10     | Received a gift from Okawaru
  8747 | D:10     | Reached **** piety under Okawaru
  8761 | D:10     | Received a gift from Okawaru
  9383 | D:11     | Noticed an unseen horror
  9394 | D:11     | Killed an unseen horror
  9441 | D:11     | Received a gift from Okawaru
  9445 | D:11     | Reached XP level 12. HP: 96/96 MP: 22/22
  9602 | D:11     | Received a gift from Okawaru
  9609 | D:11     | Got a transparent rapier
  9610 | D:11     | Identified the +9 rapier "Lioq" {vorpal, +Rage Will+ Int+6}
                  | (You found it on level 11 of the Dungeon)
 10042 | D:12     | Noticed a two-headed ogre
 10052 | D:11     | Killed a two-headed ogre
 10064 | D:11     | Reached ***** piety under Okawaru
 10402 | D:12     | Received a gift from Okawaru
 10471 | D:11     | Reached skill level 10 in Fighting
 10471 | D:11     | Reached skill level 10 in Armour
 10471 | D:11     | Reached skill level 10 in Shields
 10608 | Lair:1   | Entered Level 1 of the Lair of Beasts
 10746 | Lair:1   | Noticed a five-headed hydra
 10753 | Lair:1   | Killed a five-headed hydra
 10753 | Lair:1   | Received a gift from Okawaru
 10769 | Lair:1   | Received a gift from Okawaru
 10890 | Lair:1   | Noticed a five-headed hydra
 10899 | Lair:1   | Killed a five-headed hydra
 10900 | Lair:1   | Reached XP level 13. HP: 77/103 MP: 24/24
 11153 | Lair:1   | Noticed Gastronok
 11188 | Lair:1   | Killed Gastronok
 11268 | Lair:1   | Reached ****** piety under Okawaru
 11273 | Lair:1   | Received a gift from Okawaru
 12251 | Lair:2   | Received a gift from Okawaru
 13872 | Lair:3   | Found a staircase to the Shoals.
 14126 | Lair:3   | Received a gift from Okawaru
 14241 | Lair:3   | Reached XP level 14. HP: 96/111 MP: 26/26
 14254 | Lair:3   | Got an ichor-stained long sword
 14255 | Lair:3   | Identified the +1 long sword "Holuneow" {vorpal, rC+ MP+9
                  | Int+4 Stlth+} (You found it on level 3 of the Lair of
                  | Beasts)
 14478 | Lair:4   | Reached skill level 10 in Maces & Flails
 14878 | Lair:4   | Found a hole to the Spider Nest.
 14961 | Lair:4   | Received a gift from Okawaru
 15191 | Lair:4   | Reached skill level 10 in Invocations
 15847 | Lair:5   | Received a gift from Okawaru
 16244 | Lair:5   | Received a gift from Okawaru
 16250 | Lair:5   | Got a warped longbow {god gift}
 16256 | Lair:5   | Identified the +7 longbow of KamiKatze's Action {venom,
                  | +Fly rN+ Will+++ Dex-2} (Okawaru gifted it to you on level
                  | 5 of the Lair of Beasts)
 16757 | Lair:6   | Entered Level 6 of the Lair of Beasts
 16926 | Lair:6   | Found a viscous altar of Jiyva.
 16928 | Lair:6   | Found a staircase to the Slime Pits.
 17303 | Lair:6   | Reached XP level 15. HP: 103/119 MP: 28/28
 17510 | Lair:6   | Received a gift from Okawaru
 18222 | Lair:6   | Received a gift from Okawaru
 18390 | Lair:6   | Got an ancient golden ring
 18392 | Lair:6   | Identified the ring of the Fool {Will+ MP+9 Stlth-} (You
                  | found it on level 6 of the Lair of Beasts)
 19323 | D:12     | Found a staircase to the Orcish Mines.
 19511 | Orc:1    | Entered Level 1 of the Orcish Mines
 19511 | Orc:1    | Found Feasireg's Weapon Emporium.
 19542 | Orc:1    | Found Jymust's Armour Emporium.
 19545 | Orc:1    | Found Jeoptiah's Gadget Shoppe.
 19739 | Orc:1    | Found a roughly hewn altar of Beogh.
 19797 | Orc:2    | Entered Level 2 of the Orcish Mines
 19797 | Orc:2    | Found a staircase to the Elven Halls.
 19797 | Orc:2    | Noticed Saint Roka
 19814 | Orc:1    | Reached skill level 10 in Short Blades
 19814 | Orc:1    | Reached skill level 10 in Long Blades
 19814 | Orc:1    | Reached skill level 10 in Axes
 19814 | Orc:1    | Reached skill level 10 in Polearms
 19814 | Orc:1    | Reached skill level 10 in Staves
 19814 | Orc:1    | Reached skill level 10 in Slings
 19814 | Orc:1    | Reached skill level 10 in Bows
 19814 | Orc:1    | Reached skill level 10 in Crossbows
 19814 | Orc:1    | Reached skill level 10 in Throwing
 19814 | Orc:1    | Reached skill level 10 in Dodging
 19814 | Orc:1    | Reached skill level 10 in Stealth
 19814 | Orc:1    | Reached skill level 10 in Unarmed Combat
 19814 | Orc:1    | Reached skill level 10 in Spellcasting
 19814 | Orc:1    | Reached skill level 10 in Evocations
 19925 | Orc:2    | Noticed Nessos
 20033 | Orc:1    | Killed Nessos
 20243 | Orc:1    | Killed Saint Roka
 20885 | Orc:2    | Found a bloodstained altar of Trog.
 21588 | Orc:2    | Noticed Erolcha
 21605 | Orc:2    | Killed Erolcha
 21759 | Orc:1    | Found Joca's Gadget Emporium.
 21818 | Orc:1    | Noticed Jorgrun
 21826 | Orc:1    | Killed Jorgrun
 21906 | Orc:1    | Found a runed translucent gate.
 21906 | Orc:1    | Found a runed translucent gate.
 21906 | Orc:1    | Found a runed translucent gate.
 21940 | Orc:1    | Noticed Almogavar's ghost (journeyman MfBe)
 22739 | Orc:2    | Found Sudyec's General Store.
 22739 | Orc:2    | Found Plog's Armour Boutique.
 22749 | Orc:2    | Found Bedwoum's Distillery.
 22749 | Orc:2    | Found Tofem's Assorted Antiques.
 22765 | Orc:2    | Bought a scroll of blinking for 120 gold pieces
 22767 | Orc:2    | Bought a scroll labelled ZOWISE VEUQARR for 23 gold pieces
 22769 | Orc:2    | Bought a scroll of identify for 46 gold pieces
 23017 | D:13     | Received a gift from Okawaru
 23147 | D:13     | Received a gift from Okawaru
 23158 | D:13     | Got a pair of fine boots {god gift}
 23164 | D:13     | Identified the +1 pair of boots of Robizugo {rF+ Regen+
                  | Int+2} (Okawaru gifted it to you on level 13 of the
                  | Dungeon)
 23590 | D:13     | Found a gate to the Vaults.
 23604 | D:13     | Reached XP level 16. HP: 114/127 MP: 30/30
 23974 | D:14     | Got a transparent broad axe
 23975 | D:14     | Identified the +10 broad axe of Vupy {vorpal, rPois SInv}
                  | (You found it on level 14 of the Dungeon)
 24131 | D:14     | Noticed Azrael
 24170 | D:14     | Killed Azrael
 24482 | D:14     | Got an encrusted fustibalus
 24483 | D:14     | Identified the +6 fustibalus of Mana {venom, Will- Str+8
                  | Int+3 Dex-4} (You found it on level 14 of the Dungeon)
 25008 | D:14     | Received a gift from Okawaru
 25262 | D:15     | Entered Level 15 of the Dungeon
 25405 | D:15     | Received a gift from Okawaru
 25419 | D:15     | Identified the +11 mace of Gallantry {flame, *Corrode rN+
                  | Dex+3}
 25580 | D:15     | Received a gift from Okawaru
 25607 | D:15     | Found a staircase to the Depths.
 26500 | Spider:1 | Entered Level 1 of the Spider Nest
 26603 | Lair:4   | Received a gift from Okawaru
 26748 | Lair:4   | Received a gift from Okawaru
 26893 | Spider:1 | Received a gift from Okawaru
 27125 | Shoals:1 | Entered Level 1 of the Shoals
 27125 | Shoals:1 | Noticed Nikola
 27138 | Shoals:1 | Killed Nikola
 27138 | Shoals:1 | Received a gift from Okawaru
 27139 | Shoals:1 | Reached XP level 17. HP: 107/135 MP: 32/32
 27414 | Shoals:1 | Found Nirezi's Weapon Boutique.
 27428 | Shoals:1 | Received a gift from Okawaru
 27994 | Shoals:1 | Noticed a kraken
 28064 | Shoals:1 | Killed a kraken
 28281 | Shoals:1 | Found a transporter.
 28282 | Shoals:1 | Found the +8 demon blade "Leech" {vamp, *Rage +Rage rN+}
 28293 | Shoals:1 | Found a transporter.
 28388 | Shoals:1 | Learned a level 1 spell: Apportation
 28392 | Shoals:1 | Learned a level 3 spell: Tukima's Dance
 28396 | Shoals:1 | Learned a level 3 spell: Vampiric Draining
 28881 | Shoals:2 | Found Hedente's General Store.
 29623 | Shoals:2 | Received a gift from Okawaru
 29624 | Shoals:2 | Reached skill level 10 in Conjurations
 29624 | Shoals:2 | Reached skill level 10 in Hexes
 29624 | Shoals:2 | Reached skill level 10 in Summonings
 29624 | Shoals:2 | Reached skill level 10 in Necromancy
 29624 | Shoals:2 | Reached skill level 10 in Translocations
 29624 | Shoals:2 | Reached skill level 10 in Transmutations
 29624 | Shoals:2 | Reached skill level 10 in Fire Magic
 29624 | Shoals:2 | Reached skill level 10 in Ice Magic
 29624 | Shoals:2 | Reached skill level 10 in Air Magic
 29624 | Shoals:2 | Reached skill level 10 in Earth Magic
 29624 | Shoals:2 | Reached skill level 10 in Poison Magic
 29983 | Shoals:3 | Killed from afar by a water nymph

Illustrated notes

Levels and vault maps discovered:
D:1:      onia_arrival_pyramid, layout_basic, evilmike_ruin_ashenzari
D:2:      layout_loops_ring, nicolae_overflow_hidden_temple,
          kennysheep_vampire_church
D:3:      layout_loops_corners, gammafunk_temple_overflow_arena,
          minmay_misc_feat_tower, kennysheep_generic_room_9
D:4:      layout_cave_pools, minmay_temple_entry_glassed_door, serial_park
D:5:      layout_loops_ring, uniq_ijyb, uniq_sigmund, uniq_crazy_yiuf_cottage
D:6:      layout_gridville, kennysheep_mini
D:7:      layout_basic, lemuel_coloured_pillars_altar, lemuel_blue_sif_altar,
          minmay_misc_feat_x, st_stairs_5
D:8:      layout_cave_pools, yredelemnul_forgotten_temple_becter,
          lemuel_round_altar, gammafunk_ghost_stat_death
D:9:      layout_basic, dancing_weapons_uskayaw, erik_lair_island, serial_shops,
          kennysheep_little_box, kennysheep_generic_room_13, uniq_harold,
          uniq_pikel
D:10:     layout_long_grid, basic_altar
D:11:     layout_roguey
D:12:     layout_rooms, erik_orc_3
D:13:     layout_gridville, erik_vaults_1
D:14:     layout_roguey, dk_noncrumbling_2, hangedman_aviary, uniq_azrael
D:15:     hangedman_depths_entry_try_elsewhere_first, layout_loops_ring,
          dk_noncrumbling_3
Temple:   nicolae_temple_god_jail
Lair:1:   layout_layer_cave, serial_rivers, chequers_serial_rivers_micro_e,
          chequers_serial_rivers_micro_d, chequers_serial_rivers_small_3,
          chequers_serial_rivers_micro_b, chequers_serial_rivers_marsh,
          chequers_serial_rivers_micro_d, lemuel_fruit_tree,
          serial_bayou_shore_b, grunt_megastairs_5, uniq_gastronok
Lair:2:   layout_cellular_growth, serial_bayou, serial_bayou_pond_c,
          serial_bayou_pond_b, serial_bayou_pond_e, serial_bayou_shore_a,
          chequers_serial_rivers_micro_a, lemuel_fruit_fields
Lair:3:   layout_regular_city, elwin_shoals_entry_rocks, beast_lair_carwin_1
Lair:4:   layout_cave_pods, spider_nest_entry_a, st_stairs_5
Lair:5:   layout_regular_city
Lair:6:   minmay_lair_end_enchanted_forest, layout_hall_layers, slime_altar_1,
          infiniplex_staircase_pool_2
Shoals:1: gammafunk_sealed_arena, layout_shoals, serial_shops, shop_fountains,
          uniq_nikola
Shoals:2: cheibrodos_shoals_oceanic_diplomacy, layout_shoals, serial_shops,
          nicolae_shop_competitors_out_of_business,
          nicolae_shoals_aquamancer_cove
Shoals:3: layout_shoals, nicolae_shoals_water_shrine
Spider:1: layout_spider_delve, nicolae_spider_nook
Orc:1:    layout_caves, serial_shops, shop_fountains, shop, shop, shop,
          ebering_ghost_rock_garden, minmay_orc_temple_a, uniq_jorgrun
Orc:2:    grunt_orc_tribal_feast, layout_diamond_mine, basic_altar,
          minmay_orc_keep, uniq_saint_roka, uniq_erolcha, uniq_nessos

Skill      XL: |  1  2  3  4  5  6  7  8  9 10 11 12 13 14 15 16 17 |
---------------+----------------------------------------------------+-----
Invocations    | 1 2 3 4 5 6 7 8 9 10 11 12 | 12.6
Short Blades   | 1 2 3 4 5 6 7 8 9 10 11 | 11.7
Long Blades    | 1 2 3 4 5 6 7 8 9 10 11 | 11.7
Axes           | 1 2 3 4 5 6 7 8 9 10 11 | 11.7
Polearms       | 1 2 3 4 5 6 7 8 9 10 11 | 11.7
Staves         | 1 2 3 4 5 6 7 8 9 10 11 | 11.7
Slings         | 1 2 3 4 5 6 7 8 9 10 11 | 11.7
Bows           | 1 2 3 4 5 6 7 8 9 10 11 | 11.7
Crossbows      | 1 2 3 4 5 6 7 8 9 10 11 | 11.7
Throwing       | 1 2 3 4 5 6 7 8 9 10 11 | 11.7
Dodging        | 1 2 3 4 5 6 7 8 9 10 11 | 11.7
Stealth        | 1 2 3 4 5 6 7 8 9 10 11 | 11.7
Unarmed Combat | 1 2 3 4 5 6 7 8 9 10 11 | 11.7
Spellcasting   | 1 2 3 4 5 6 7 8 9 10 11 | 11.7
Evocations     | 1 2 3 4 5 6 7 8 9 10 11 | 11.7
Conjurations   | 1 2 3 4 5 6 7 8 9 10 | 10.0
Hexes          | 1 2 3 4 5 6 7 8 9 10 | 10.0
Summonings     | 1 2 3 4 5 6 7 8 9 10 | 10.0
Necromancy     | 1 2 3 4 5 6 7 8 9 10 | 10.0
Translocations | 1 2 3 4 5 6 7 8 9 10 | 10.0
Transmutations | 1 2 3 4 5 6 7 8 9 10 | 10.0
Fire Magic     | 1 2 3 4 5 6 7 8 9 10 | 10.0
Ice Magic      | 1 2 3 4 5 6 7 8 9 10 | 10.0
Air Magic      | 1 2 3 4 5 6 7 8 9 10 | 10.0
Earth Magic    | 1 2 3 4 5 6 7 8 9 10 | 10.0
Poison Magic   | 1 2 3 4 5 6 7 8 9 10 | 10.0
Maces & Flails | 5 6 7 8 9 10 11 12 | 12.4
Fighting       | 7 8 9 10 11 12 13 | 13.1
Armour         | 7 8 9 10 11 12 13 | 13.1
Shields        | 7 8 9 10 11 12 13 | 13.1

Action                   |  1- 3 |  4- 6 |  7- 9 | 10-12 | 13-15 | 16-18 || total
-------------------------+-------+-------+-------+-------+-------+-------++-------
Melee: Flail             |    80 |   154 |   325 |   371 |   596 |   366 ||  1892
       Bite              |     6 |    20 |    47 |    91 |   224 |   172 ||   560
       Morningstar       |       |     3 |    39 |   294 |   686 |   598 ||  1620
       Rapier            |       |       |       |    13 |       |       ||    13
       Dagger            |       |       |       |       |     8 |       ||     8
       Unarmed           |       |       |       |       |     1 |       ||     1
       Broad axe         |       |       |       |       |       |     7 ||     7
Throw: Dart              |       |       |     5 |     2 |    30 |     3 ||    40
Invok: Finesse           |       |       |       |       |     4 |     1 ||     5
       Heroism           |       |       |       |       |       |     1 ||     1
Evoke: Wand              |       |       |       |     7 |       |    15 ||    22
  Use: Scroll            |       |       |    10 |     6 |    15 |     3 ||    34
       Potion            |       |       |       |       |       |     1 ||     1
 Stab: Sleeping          |       |       |       |       |     6 |       ||     6
       Distracted        |       |       |       |       |     2 |       ||     2
Armor: Scale mail        |    23 |    61 |       |       |   316 |       ||   400
       Chain mail        |       |       |   132 |   278 |    28 |       ||   438
       Plate armour      |       |       |       |       |    72 |   436 ||   508
Dodge: Dodged            |    23 |    53 |   131 |   362 |   643 |   468 ||  1680
Block: Kite shield       |    40 |   104 |   265 |   581 |  1028 |   827 ||  2845
